 Dungeon Crawl Stone Soup version 0.31-a0-343-g456c268693 (webtiles) character file.

Game seed: 4056541193334810833

2 Mortuus the Caller (level 1, 0/13 HPs)
             Began as a Merfolk Summoner on July 21, 2023.
             Killed from afar by a dart slug (3 damage)
             ... with a slug dart
             ... on level 1 of the Dungeon.
             The game lasted 00:04:39 (190 turns).

Mortuus the Caller (Merfolk Summoner)                Turns: 190, Time: 00:04:39

Health: 0/13       AC:  2    Str:  8    XL:     1   Next: 40%
Magic:  1/3        EV:  9    Int: 14    God:
Gold:   4          SH:  0    Dex: 14    Spells: 3/4 levels left

rFire   . . .        (no weapon)
rCold   . . .        (no shield)
rNeg    . . .        a - +0 robe
rPois   .            (no helmet)
rElec   .            (no cloak)
rCorr   .            (no gloves)
SInv    .            (no boots)
Will    .....        (no amulet)
Stlth   ++           (no ring)
HPRegen 0.22/turn    (no ring)
MPRegen 0.08/turn

%: no passive effects
@: constricted
A: (nimble swimmer 2), mertail
a: no special abilities


You were on level 1 of the Dungeon.
You visited 1 branch of the dungeon, and saw 1 of its levels.

You collected 4 gold pieces.

Inventory:

Armour
 a - a +0 robe (worn)
Scrolls
 c - a scroll of poison {unknown}
Potions
 b - a potion of magic
 d - a potion of mutation {unknown}
 e - a potion of curing {unknown}


   Skills:
 + Level 2.8 Dodging
 + Level 2.1 Stealth
 + Level 2.0 Spellcasting
 + Level 4.1 Summonings


You had 3 spell levels left.
You knew the following spells:

 Your Spells              Type           Power      Damage    Failure   Level
a - Summon Small Mammal   Summ           48%        N/A       4%          1

Your spell library contained the following spells:

 Spells                   Type           Power      Damage    Failure   Level
 Call Imp                 Summ           24%        N/A       7%          2
 Call Canine Familiar     Summ           12%        N/A       13%         3
 Summon Guardian Golem    Hex/Summ       7%         N/A       30%         3
 Summon Lightning Spire   Summ/Air       7%         N/A       71%         4


Dungeon Overview and Level Annotations

Branches:
Dungeon (1/15)

Altars:


Innate Abilities, Weirdness & Mutations

((You are very nimble when in or above water. (Stealth+, EV+, Speed+++)))
Your lower body shifts to a powerful aquatic tail in water.


Message History

The ball python constricts you. The dart slug barely misses your bat.
Your bat hits the dart slug.
Your rat bites the dart slug but does no damage.
You see here 17 gold pieces.
Unknown command.
Unknown command.
Unknown command.
Casting: Summon Small Mammal (safe; 4% risk of failure)
Press: ? - help, Q - select action Dir - look around, f - activate Your bat disappears in a puff of smoke!
The bat closely misses your quokka. x2; The ball python barely misses you.
The ball python constricts you.
The dart slug launches a dart at your rat.
The slug dart hits your rat.
Your rat dies!
Your rat's corpse disappears in a puff of smoke!
The bat barely misses your quokka. The ball python barely misses you.
The ball python constricts you. The bat closely misses your quokka.
The bat hits your quokka. The ball python closely misses you.
The ball python constricts you.
Your quokka barely misses the bat.
The bat hits your quokka but does no damage.
The bat hits your quokka but does no damage.
The bat closely misses your quokka. The dart slug closely misses you.
The ball python bites you. The ball python constricts you.
Your quokka barely misses the bat.
The bat barely misses your quokka. The bat misses your quokka.
The bat hits your quokka but does no damage.
The ball python bites you. The ball python constricts you.
Your quokka bites the bat.
The dart slug bites you.
The bat hits your quokka but does no damage.
The bat misses your quokka.
The bat hits your quokka but does no damage.
The ball python bites you. The ball python constricts you.
* * * LOW HITPOINT WARNING * * *
Your quokka bites the bat.
The bat dies!
The dart slug launches a dart at you. The slug dart hits you.
You die...

#.######...##.##.......
..# ##...###.##........
### ##...###..#...#......
..###...###..##.###....#.#
<..#...##...###.# ##..#
......###....##†# #.
#...###...##...r#
#####....######.### ....##
#.@w# #.## #S#..# .
......... ...........#
#............#
#..........#..#
#############.. ##


You could see a dart slug, a ball python and a friendly quokka (summoned).

Vanquished Creatures (collateral kills)
  A ball python (D:1)
  A bat (D:1)
  2 frilled lizards (D:1)
4 creatures vanquished.

Notes
Turn   | Place    | Note
-------+----------+-------------------------------------------
     0 | D:1      | Mortuus the Merfolk Summoner began the quest for the Orb.
     0 | D:1      | Reached XP level 1. HP: 13/13 MP: 3/3
   190 | D:1      | Killed from afar by a dart slug

Illustrated notes

Levels and vault maps discovered:
D:1:      dpeg_chamrin_arrival_tetris, layout_rooms, serial_shops, shop,
          shop_fountains, minmay_lizard_pond

Action                     || total
---------------------------++-------
  Melee: Unarmed           ||     5
   Cast: Summon Small Mamm ||    11
    Use: Scroll            ||     1
 Armour: Robe              ||     4
  Dodge: Dodged            ||    14

Table legend: (Time is in decaauts)
 A = Elapsed time spent in this place.
 B = Non-inter-level travel time spent in this place.
 C = Inter-level travel time spent in this place.
 D = Time resting spent in this place.
 E = Time spent auto-exploring this place.
 F = Levels seen in this place.
 G = Mean time per level.
                   A        B        C        D        E       F      G
               +--------+--------+--------+--------+--------+-----+--------+
         Total |    190 |     88 |    102 |      0 |     19 |   1 |  190.0 |
       Dungeon |    190 |     88 |    102 |      0 |     19 |   1 |  190.0 |
               +--------+--------+--------+--------+--------+-----+--------+

Top non-repeatable levels by time:
     D:1: 190 daAuts
